 Dungeon Crawl Stone Soup version 0.29.1-debian-4-g95531337e3 (webtiles) character file.

Game seed: 5715112506486481119

51 Malachi the Cudgeller (level 3, -9/29 HPs)
             Began as a Ghoul Gladiator on Sept 13, 2022.
             Mangled by Sigmund
             ... wielding a +4 vampiric scythe
              (15 damage)
             ... on level 3 of the Dungeon.
             The game lasted 00:02:27 (2676 turns).

Malachi the Cudgeller (Ghoul Gladiator)             Turns: 2676, Time: 00:02:28

Health: -9/29      AC:  4    Str: 19    XL:     3   Next: 81%
Magic:  2/2        EV: 12    Int:  3    God:
Gold:   104        SH:  5    Dex: 10    Spells: 2/2 levels left

rFire   . . .      SeeInvis .   a - +0 flail
rCold   + . .      Faith    .   (no shield)
rNeg    + + +      Spirit   .   b - +0 leather armour
rPois   ∞          Reflect  +   c - +0 helmet
rElec   .          Harm     .   (no cloak)
rCorr   +          Rampage  .   (no gloves)
Will    +....                   (no boots)
Stlth   +.........              u - amulet of reflection
HPRegen 0.00/turn               i - ring of resist corrosion
MPRegen 0.08/turn               n - ring of willpower

@: inhibited regen
A: claws 1, cold resistance 1, negative energy resistance 3, inhibited
regeneration, torment resistance 2, devour on kill
a: no special abilities


You were on level 3 of the Dungeon.
You visited 1 branch of the dungeon, and saw 3 of its levels.

You collected 104 gold pieces.

Inventory:

Hand Weapons
 a - a +0 flail (weapon)
Missiles
 d - 3 throwing nets (quivered)
 e - a javelin
 o - 18 poisoned darts
 q - 2 datura-tipped darts
Armour
 b - a +0 leather armour (worn)
 c - a +0 helmet (worn)
Jewellery
 i - a ring of resist corrosion (left claw)
 n - a ring of willpower (right claw)
 u - an amulet of reflection (around neck)
Wands
 v - a wand of flame (18)
Scrolls
 f - 3 scrolls of vulnerability {unknown}
 g - 2 scrolls of teleportation {unknown}
 h - 3 scrolls of identify {unknown}
 l - a scroll of amnesia {unknown}
 r - a scroll of magic mapping {unknown}
 t - a scroll of poison {unknown}
Potions
 k - a potion of berserk rage {unknown}
 m - a potion of magic {unknown}
 p - 2 potions of heal wounds {unknown}
 s - a potion of brilliance
 w - a potion of attraction {unknown}


   Skills:
 - Level 2.1 Fighting
 + Level 4.2 Maces & Flails
 - Level 1.7 Throwing
 - Level 2.6 Dodging


You had 2 spell levels left.
You didn't know any spells.
Your spell library contained the following spells:

 Spells                   Type           Power      Damage    Failure   Level
 Freeze                   Ice            0%         1d3       58%         1
 Frozen Ramparts          Ice            0%         1d1       91%         3
 Hailstorm                Conj/Ice       0%         3d3       100%        4


Dungeon Overview and Level Annotations

Branches:
Dungeon (3/15)

Altars:
Xom

Annotations:
D:3 Sigmund


Innate Abilities, Weirdness & Mutations

You are immune to poison.
You have sharp fingernails.
Your flesh is cold resistant. (rC+)
You are immune to negative energy. (rN+++)
You do not regenerate when monsters are visible.
You are immune to unholy pain and torment.
You thrive by killing the living.


Message History

The rat misses you.
You sock the rat!
You kill the rat!
No target in view!
No target in view!
No target in view!
g - 2 scrolls labelled ORETZE BESA (gained 1)
You see here 7 stones.
You see here a ring of poison resistance.
v - a wand of flame (18)
You see here 7 stones.
Found a robe.
You see here a +1 dagger of venom.
No target in view!
No target in view!
No target in view!
h - 2 scrolls labelled ONKONIBRE (gained 1)
w - a golden potion No target in view!
No target in view!
h - 3 scrolls labelled ONKONIBRE (gained 1)
Found a stone staircase leading down.
Sigmund the Dreaded comes into view.
He is wielding a +4 vampiric scythe and wearing a +2 robe of cold resistance.
Sigmund mumbles some strange words.
Sigmund flickers and vanishes!
Deactivating autopickup; reactivate with Ctrl-A.
There is a strange disturbance nearby!
There is a strange disturbance nearby!
No target in view!
You hear some strange, mumbled words.
You are confused.
There is a stone staircase leading down here.
You bump into the rock wall.
Something hits you!
Found a shimmering altar of Xom.
Something hits you!
You sock something! Something hits you!
* * * LOW HITPOINT WARNING * * *
It was a potion of curing.
You feel better. Something hits you!
Ouch! That really hurt!
You die...

#_# #.#.#..... #.#
#.##...).. #.#
##........ #.# #.....).#
#.# #......#. # #.#
#.....#.#
#.####.######....#.##
#.##...{...........#.###
#......@.>..####..#.## #
##########.......#.## #
##..##.#.# #### ##.#
#... #.########...
#............
#########.... ##... #...


There were no monsters in sight!

Vanquished Creatures
  A worm (D:2)
  3 bats
  5 endoplasms
  A giant cockroach (D:2)
  11 hobgoblins
  3 jackals (D:2)
  2 quokkas
  5 ball pythons
  A frilled lizard (D:1)
  A goblin (D:2)
  4 kobolds
  5 rats
42 creatures vanquished.

Notes
Turn   | Place    | Note
-------+----------+-------------------------------------------
     0 | D:1      | Malachi the Ghoul Gladiator began the quest for the Orb.
     0 | D:1      | Reached XP level 1. HP: 17/17 MP: 0/0
    90 | D:1      | Reached skill level 3 in Maces & Flails
   599 | D:1      | Reached XP level 2. HP: 22/24 MP: 1/1
  1716 | D:2      | Reached XP level 3. HP: 27/29 MP: 2/2
  1751 | D:2      | Found a faded altar of an unknown god.
  1814 | D:2      | Reached skill level 4 in Maces & Flails
  2668 | D:3      | Noticed Sigmund
  2672 | D:3      | Found a shimmering altar of Xom.
  2674 | D:3      | HP: 1/29 [something (9)]
  2676 | D:3      | Mangled by Sigmund

Illustrated notes

Levels and vault maps discovered:
D:1:      wander_arrival_fairy_ring, layout_loops_cross, grunt_decor_arrowhead,
          item_on_display_a
D:2:      layout_loops_ring, hellmonk_ecumenical_altar_heavens_door
D:3:      wad_pebble_path, layout_rooms, overflow_temple_1_default, uniq_sigmund

Skill      XL: |  1  2  3 |
---------------+----------+-----
Maces & Flails | 3 4 |  4.2
Fighting       | |  2.1
Throwing       | |  1.7
Dodging        | |  2.6

Action                   || total
-------------------------++-------
Melee: Flail             ||   161
       Punch             ||     1
  Use: Potion            ||     3
Armor: Leather armour    ||    80
Dodge: Dodged            ||   137
